Map: [ESL] Oceanborn

Players

Solar - Winner!

  • Race: Zerg Zerg
  • Spawn Location: 5:00

trigger

  • Race: Protoss Protoss
  • Spawn Location: 11:00

Event: IEM Katowice 2024

VOD

Have the link to the VOD?

Description

Time

  • Played on: Feb. 8, 2024, 5:24 a.m.
  • Length: 12:24

All games in this series

Show
View Real Time Build Order
Export as new Build Order

Solar Zerg - Winner!

Build Orders: Hatch First 

Get SALT Encoding   

  12  0:00  Drone  
  13  0:07  Drone  
  13  0:14  Extractor  
  13  0:15  Drone  
  15  0:37  Hatchery  
  15  0:41  Extractor  
  15  0:42  Drone  
  14  0:48  Overlord  
  15  1:03  Spawning Pool  
  14  1:06  Drone  
  14  1:10  Drone  
  16  1:14  Drone  
  17  1:18  Drone  
  18  1:28  Drone, Extractor  
  18  1:39  Drone  
  19  1:49  Queen x2  
  19  1:50  Zergling x2  
  19  1:53  Drone  
  25  2:00  Overlord  
  25  2:03  Drone  
  26  2:10  Drone  
  26  2:11  Drone  
  28  2:22  Drone x2  
  30  2:25  Queen  
  32  2:38  Hatchery  
  32  2:39  Drone  
  32  2:44  Overlord  
  32  2:48  Drone  
  32  2:49  Drone  
  34  2:55  Metabolic Boost  
  34  3:01  Queen  
  34  3:04  Drone x2  
  38  3:07  Drone  
  38  3:08  Drone  
  38  3:10  Zergling x2  
  41  3:14  Overlord  
  41  3:20  Zergling x2  
  41  3:21  Zergling x2  
  43  3:28  Queen  
  43  3:30  Spore Crawler  
  43  3:32  Drone  
  44  3:34  Drone  
  44  3:36  Drone  
  44  3:38  Drone  
  45  3:41  Drone  
  45  3:44  Drone x2  
  48  3:50  Queen  
  48  3:52  Drone  
  48  3:55  Overlord  
  51  3:57  Drone  
  51  3:58  Drone  
  51  3:59  Drone  
  53  4:04  Drone x2  
  55  4:10  Overlord  
  55  4:13  Queen  
  55  4:15  Drone  
  55  4:16  Drone  
  59  4:19  Drone  
  59  4:20  Drone  
  60  4:25  Drone  
  60  4:27  Drone x2, Spore Crawler  
  60  4:29  Drone  
  63  4:35  Drone x2  
  63  4:36  Drone, Evolution Chamber  
  65  4:39  Overlord  
  65  4:40  Drone  
  65  4:44  Drone x3  
  69  4:46  Zergling x2  
  69  4:47  Zergling x2  
  69  4:48  Zergling x2  
  69  4:49  Zergling x2  
  73  4:56  Overlord  
  73  4:58  Extractor  
  73  4:59  Zergling x10  
  77  5:02  Zerg Melee Weapons Level 1  
  77  5:05  Zergling x2  
  78  5:12  Drone x7  
  79  5:16  Drone  
  79  5:18  Drone  
  81  5:21  Drone  
  81  5:23  Lair  
  81  5:25  Drone  
  83  5:28  Drone x2  
  83  5:32  Roach Warren  
  83  5:35  Overlord  
  83  5:37  Drone x2  
  83  5:39  Drone x3  
  83  5:42  Drone, Extractor  
  88  5:44  Drone x2  
  88  5:47  Extractor x2  
  88  5:48  Drone x3  
  90  5:56  Drone x3, Spore Crawler  
  92  5:58  Overlord  
  92  6:01  Extractor  
  92  6:02  Overlord  
  91  6:06  Overlord  
  91  6:07  Overlord  
  91  6:10  Overlord, Hatchery  
  89  6:12  Overlord  
  89  6:17  Drone  
  90  6:20  Drone  
  90  6:21  Zergling x6, Glial Reconstitution  
  90  6:23  Overseer  
  94  6:28  Drone  
  94  6:32  Zergling x4, Spire  
  96  6:34  Drone x2  
  96  6:36  Overlord  
  96  6:39  Drone x3  
  101  6:43  Roach x3  
  101  6:46  Roach x2  
  111  6:51  Overlord  
  111  6:52  Roach  
  111  6:53  Roach  
  114  6:55  Zergling x4  
  114  6:56  Extractor  
  115  7:01  Overlord  
  115  7:05  Zergling x4  
  115  7:06  Zergling x6  
  120  7:08  Overseer  
  120  7:11  Overlord  
  120  7:12  Drone x3  
  120  7:13  Drone  
  124  7:18  Extractor  
  124  7:20  Roach  
  124  7:22  Zergling x6  
  127  7:27  Zergling x2  
  128  7:32  Zergling x6  
  128  7:36  Overlord  
  125  7:47  Mutalisk x10  
  125  7:48  Zerg Flyer Weapons Level 1  
  145  7:54  Mutalisk x2  
  145  7:57  Zergling x8  
  153  8:03  Mutalisk x2, Drone  
  153  8:05  Zergling x10  
  162  8:08  Overlord  
  162  8:09  Mutalisk  
  162  8:11  Zergling x4  
  166  8:18  Drone  
  165  8:20  Zergling x6  
  165  8:26  Mutalisk x2  
  167  8:29  Drone  
  167  8:30  Mutalisk x2  
  176  8:36  Overlord  
  176  8:38  Mutalisk x3  
  182  8:42  Hatchery  
  182  8:45  Zergling x8  
  182  8:47  Overlord  
  182  8:49  Overlord  
  180  8:56  Mutalisk x3  
  180  8:58  Drone  
  183  9:04  Mutalisk x2  
  181  9:10  Mutalisk  
  180  9:25  Drone x6  
  180  9:26  Mutalisk x3  
  180  9:30  Zergling x10  
  180  9:31  Zergling x2  
  191  9:36  Zergling x10  
  182  9:40  Zergling x6  
  182  9:41  Extractor  
  182  9:42  Extractor  
  168  9:47  Mutalisk x4  
  176  9:56  Mutalisk x2  
  176  9:59  Zergling x14  
  185  10:05  Mutalisk, Zergling x8  
  185  10:08  Overlord  
  185  10:10  Overlord  
  185  10:11  Overlord  
  183  10:17  Overlord  
  176  10:27  Overlord  
  167  10:30  Mutalisk x2  
  167  10:31  Overlord  
  167  10:35  Zergling x4  
  168  10:39  Mutalisk x3  
  168  10:41  Mutalisk x2  
  168  10:42  Mutalisk  
  159  10:43  Zergling x2  
  137  10:50  Mutalisk  
  137  10:54  Zergling x4  
  133  10:59  Overlord  
  128  11:08  Mutalisk x2  
  106  11:24  Hatchery  
  103  11:30  Zergling x2  
  88  11:41  Zergling x2  
Show
View Real Time Build Order
Export as new Build Order

trigger Protoss 

Build Orders: 1 Gate Expand, Oracle Opening 

Get SALT Encoding   

  12  0:00  Probe  
  13  0:12  Pylon  
  13  0:17  Probe (Chrono Boost)  
  14  0:27  Probe (Chrono Boost)  
  15  0:32  Probe (Chrono Boost)  
  16  0:39  Gateway  
  16  0:44  Probe  
  16  0:49  Assimilator  
  17  0:56  Probe  
  18  1:08  Probe  
  19  1:20  Probe  
  20  1:27  Nexus  
  20  1:35  Cybernetics Core  
  20  1:38  Probe  
  21  1:45  Assimilator  
  21  1:50  Probe  
  22  1:54  Pylon  
  22  2:02  Probe  
  23  2:10  Probe, Adept (Chrono Boost)  
  26  2:18  Probe  
  27  2:23  Stargate  
  27  2:33  Adept  
  27  2:36  Warp Gate  
  30  2:38  Probe (Chrono Boost)  
  30  2:39  Probe (Chrono Boost)  
  31  2:48  Probe (Chrono Boost)  
  31  2:50  Probe (Chrono Boost)  
  33  2:53  Probe (Chrono Boost)  
  34  2:58  Probe  
  34  3:03  Adept  
  34  3:05  Oracle (Chrono Boost), Probe  
  38  3:11  Probe  
  42  3:17  Probe  
  42  3:19  Pylon  
  43  3:23  Probe  
  44  3:29  Probe  
  45  3:35  Oracle (Chrono Boost), Probe  
  45  3:38  Gateway  
  47  3:41  Probe  
  47  3:47  Probe  
  49  3:53  Nexus, Probe  
  49  3:55  Pylon  
  50  3:59  Probe  
  51  4:05  Oracle (Chrono Boost)  
  51  4:08  Pylon  
  54  4:10  Assimilator  
  54  4:13  Probe x2  
  56  4:22  Shield Battery  
  56  4:23  Assimilator  
  56  4:25  Probe x2  
  56  4:30  Adept  
  60  4:34  Twilight Council  
  60  4:35  Forge  
  60  4:37  Probe, Adept  
  63  4:43  Probe  
  64  4:49  Probe  
  64  4:51  Gateway  
  65  4:52  Gateway  
  65  4:57  Probe  
  66  5:01  Probe  
  66  5:03  Protoss Ground Weapons Level 1  
  64  5:08  Probe  
  64  5:09  Probe  
  64  5:13  Probe  
  67  5:17  Blink (Chrono Boost), Adept x2  
  67  5:20  Probe  
  67  5:21  Probe  
  67  5:25  Probe  
  68  5:30  Gateway  
  68  5:31  Robotics Facility  
  68  5:33  Gateway, Probe  
  69  5:37  Probe  
  69  5:41  Stalker x2  
  74  5:43  Shield Battery  
  74  5:44  Probe  
  74  5:48  Pylon, Probe  
  77  5:50  Probe  
  77  5:55  Stalker x2  
  77  5:56  Probe  
  82  6:01  Probe  
  82  6:02  Pylon, Probe  
  84  6:09  Stalker x2  
  88  6:18  Pylon  
  88  6:20  Nexus  
  88  6:24  Probe x2  
  90  6:26  Observer (Chrono Boost), Assimilator  
  90  6:30  Assimilator  
  91  6:34  Robotics Facility, Robotics Bay  
  91  6:38  Stalker x3  
  97  6:42  Stalker  
  97  6:44  Stalker  
  101  6:47  Stalker  
  101  6:52  Warp Prism (Chrono Boost)  
  103  6:59  Photon Cannon  
  105  7:02  Protoss Ground Weapons Level 2 (Chrono Boost)  
  105  7:03  Pylon  
  105  7:04  Charge (Chrono Boost)  
  106  7:08  Probe  
  106  7:14  Stalker  
  109  7:15  Probe  
  109  7:19  Pylon  
  109  7:20  Pylon  
  109  7:21  Pylon  
  109  7:22  Stalker x2  
  113  7:32  Probe x2, Pylon  
  113  7:36  Colossus (Chrono Boost)  
  121  7:38  Probe  
  121  7:40  Stalker x2  
  121  7:44  Shield Battery  
  121  7:47  Colossus (Chrono Boost)  
  127  7:52  Extended Thermal Lance  
  127  7:54  Probe  
  127  7:56  Probe  
  129  8:01  Probe x2  
  131  8:06  Probe  
  131  8:07  Gateway  
  131  8:12  Probe  
  133  8:17  Gateway  
  133  8:18  Gateway  
  129  8:22  Colossus (Chrono Boost)  
  129  8:25  Probe x3  
  144  8:28  Colossus (Chrono Boost)  
  144  8:31  Zealot x4  
  152  8:36  Probe  
  153  8:43  Stalker x2  
  150  8:53  Zealot x4  
  157  9:01  Phoenix  
  139  9:13  Stalker x3  
  133  9:26  Phoenix  
  133  9:28  Stalker x5  
  145  9:42  Stalker x2  
  145  9:43  Zealot  
  151  9:49  Probe x3  
  151  9:51  Phoenix  
  156  9:59  Stalker x3  
  156  10:00  Zealot x2  
  156  10:06  Photon Cannon x2  
  144  10:15  Stalker  
  144  10:16  Stalker x2  
  129  10:29  Zealot x5, Phoenix (Chrono Boost)  
  82  11:37  Zealot x4  
  30  12:02  Zealot x2  

Tags
 
Add a new tag
Caveats
  • Supply blocks, unpowered buildings, or Contaminate may cause inaccurate times.
  • Supply counts are checked every 10 seconds.